 Dungeon Crawl Stone Soup version 0.28.0-45-g0d030f2227 (webtiles) character file.

Game seed: 17555199708774734357

3448 sking99 the Summoner (level 10, -17/68 HPs)
             Began as an Octopode Summoner on May 24, 2022.
             Was an Initiate of Kikubaaqudgha.
             Shot with an arrow by a centaur warrior (24 damage)
             ... on level 8 of the Dungeon.
             The game lasted 00:27:46 (9315 turns).

sking99 the Summoner (Octopode Summoner)            Turns: 9315, Time: 00:27:47

Health: -17/68     AC:  1    Str:  8    XL:     10   Next: 6%
Magic:  12/16      EV: 20    Int: 22    God:    Kikubaaqudgha [......]
Gold:   320        SH:  6    Dex: 18    Spells: 5/18 levels left

rFire   . . .      SeeInvis .   B - +2 dagger (freeze)
rCold   . . .      Faith    .   w - +0 buckler
rNeg    . . .      Spirit   .   (helmet restricted)
rPois   +          Reflect  .   c - amulet of regeneration
rElec   .          Harm     .   i - +6 ring of dexterity
rCorr   .          Rampage  .   l - ring of flight
Will    .....                   p - ring of poison resistance
Stlth   ++++......              E - +4 ring of evasion
HPRegen 1.01/turn               (no ring)
MPRegen 0.15/turn               (no ring)
                                (no ring)
                                (no ring)

@: flying
A: almost no armour, amphibious, 8 rings, camouflage 1, gelatinous body 1,
(nimble swimmer 1), tentacles
a: Renounce Religion


You were on level 8 of the Dungeon.
You worshipped Kikubaaqudgha.
Kikubaaqudgha was noncommittal.
You visited 2 branches of the dungeon, and saw 9 of its levels.
You also visited: Sewer and Ossuary.

You collected 320 gold pieces.

Inventory:

Hand Weapons
 B - a +2 dagger of freezing (weapon)
Armour
 j - an orb of light
 w - a +0 buckler (worn)
Magical Staves
 y - a staff of death
Jewellery
 c - an amulet of regeneration (around mantle)
 i - a +6 ring of dexterity (left tentacle)
 l - a ring of flight (right tentacle)
 p - a ring of poison resistance (on tentacle)
 E - a +4 ring of evasion (on tentacle)
Wands
 t - a wand of acid (9)
 A - a wand of flame (44)
 C - a wand of iceblast (17)
 G - a wand of paralysis (8)
Scrolls
 a - 3 scrolls of vulnerability
 b - 2 scrolls of magic mapping
 s - 3 scrolls of fear
 v - a scroll of fog
 x - a scroll of enchant weapon {unknown}
 D - 2 scrolls of enchant armour {unknown}
 F - a scroll of teleportation
 H - a scroll of blinking
Potions
 d - 6 potions of heal wounds
 e - a potion of flight {unknown}
 f - a potion of degeneration {unknown}
 g - 5 potions of might
 h - a potion of haste {unknown}
 k - 2 potions of cancellation
 m - a potion of resistance {unknown}
 n - 2 potions of curing
 o - 2 potions of magic {unknown}
 q - 2 potions of attraction {unknown}
 r - 2 potions of berserk rage {unknown}
 u - 2 potions of lignification {unknown}
 z - a potion of brilliance {unknown}


   Skills:
 - Level 6.1 Fighting
 - Level 6.7 Dodging
 - Level 3.2 Stealth
 * Level 4.7 Shields
 - Level 4.5 Spellcasting
 - Level 3.0 Hexes
 - Level 8.0 Summonings
 + Level 2.8 Necromancy


You had 5 spell levels left.
You knew the following spells:

 Your Spells              Type           Power      Damage    Failure   Level
a - Summon Small Mammal   Summ           100%       N/A       1%          1
b - Call Imp              Summ           40%        N/A       1%          2
c - Call Canine Familiar  Summ           40%        N/A       1%          3
d - Summon Guardian Gole  Hex/Summ       29%        N/A       4%          3
e - Vampiric Draining     Necr           17%        2d7       13%         3
f - Animate Skeleton      Necr           34%        N/A       4%          1

Your spell library contained the following spells:

 Spells                   Type           Power      Damage    Failure   Level
 Pain                     Necr           68%        1d7       4%          1
 Summon Lightning Spire   Summ/Air       22%        N/A       26%         4
 Conjure Flame            Conj/Fire      5%         6-21      38%         3
 Ignite Poison            Fire/Tmut/Pois 5%         N/A       38%         3
 Sticky Flame             Conj/Fire      5%         2d3       80%         4


Dungeon Overview and Level Annotations

Branches:
Dungeon (8/15)             Temple (1/1) D:6           Sewer (visited)
Ossuary (visited)
   Lair: D:8-11

Altars:
Ashenzari
Cheibriados
Dithmenos
Elyvilon
Fedhas
Gozag
Hepliaklqana
Kikubaaqudgha
Makhleb
Nemelex Xobeh
Qazlal
Ru
Trog
Uskayaw
Xom
Zin
The Shining One

Shops:
D:4 [

Annotations:
D:7 1 runed translucent door, Glaciallarry's ghost, novice DEFE
D:8 Maurice


Innate Abilities, Weirdness & Mutations

You cannot wear most types of armour.
You are amphibious.
You can wear up to eight rings at the same time.
Your skin changes colour to match your surroundings (Stealth+).
Your rubbery body absorbs attacks. (AC +1, EV +1)
((You are camouflaged when in or above water. (Stealth+)))
You have tentacles for arms and can constrict up to eight enemies at once.


Message History

The centaur warrior shoots an arrow.
The arrow hits your guardian golem!!
Your guardian golem is destroyed!
Your guardian golem disappears in a puff of smoke!
Your hound bites the centaur warrior but does no damage.
The centaur warrior unwields a +0 longbow.
The centaur warrior closely misses your hound.
The centaur warrior kicks your hound.
Your hound bites the centaur warrior.
Casting: Summon Guardian Golem (dangerous; 4% risk of failure)
Confirm with . or Enter, or press ? or * to list all spells.
A guardian golem appears, shielding your allies.
Your hound bites the centaur warrior.
The centaur warrior wields a +0 longbow.
The centaur warrior shoots an arrow.
The arrow hits you!!
An orc wizard comes into view. It is wielding a +0 dagger.
Your hound bites the centaur warrior.
The centaur warrior shoots an arrow.
The arrow hits your hound!!!
Your hound dies!
Your hound's corpse disappears in a puff of smoke!
The centaur warrior shoots an arrow.
The arrow hits your guardian golem!!
The orc wizard gestures wildly while chanting.
The orc wizard flickers and vanishes!
Deactivating autopickup; reactivate with Ctrl-A.
The centaur warrior shoots an arrow.
The arrow hits your guardian golem!!
Your guardian golem is destroyed!
Your guardian golem disappears in a puff of smoke!
A wight comes into view. It is wielding a +3 great sword.
The centaur warrior shoots an arrow.
The arrow closely misses you. The centaur zombie hits you.
The centaur zombie closely misses you.
The centaur warrior shoots an arrow.
The arrow barely misses you.
The centaur warrior shoots an arrow.
The arrow hits you!
The centaur warrior shoots an arrow.
The arrow hits you!
* * * LOW HITPOINT WARNING * * *
The centaur warrior shoots an arrow.
The arrow hits you!
* * * LOW HITPOINT WARNING * * *
The centaur zombie completely misses you.
The centaur zombie kicks you.
* * * LOW HITPOINT WARNING * * *
The centaur warrior shoots an arrow.
The arrow hits you!!
You die...
Kikubaaqudgha rasps: "You have failed me!
Welcome... death!"

#.ยง...#......##
#?###.#.###...##
#.....#........##
#.....#z....#......#
#.###.#c###.#.###..#
# ....#.....#......#
...........Z......##
.................##
###########@#.####
#.#... ##.#####
#...# ###...###
#.......####
#..........#
#....)..##.#
##....#.##.#######


You could see a centaur warrior, a wight (wandering) and a centaur zombie.

Vanquished Creatures
  An ice beast (D:6)
  A sky beast (D:6)
  A kobold brigand (Sewer)
  A bullfrog (D:7)
  A scorpion (D:6)
  A wight (Ossuary)
  2 centaur zombies
  A bullfrog skeleton (D:6)
  A jelly (D:5)
  An orc wizard (D:5)
  5 adders
  An adder zombie (Ossuary)
  5 orcs
  A ball python (D:1)
  2 endoplasms
  A giant cockroach (D:4)
  2 goblins
  4 hobgoblins
  A jackal (D:4)
  5 kobolds
  A quokka (D:1)
  A ball python skeleton (Ossuary)
  A hobgoblin skeleton (Ossuary)
  3 hobgoblin zombies (Ossuary)
  2 kobold zombies (Ossuary)
  10 rats
56 creatures vanquished.

Vanquished Creatures (collateral kills)
  Maggie (D:6)
  Grinder (D:4)
  Sigmund (D:7)
  A wraith (Ossuary)
  An orc warrior (D:7)
  Pargi (Sewer)
  A black bear (D:7)
  A necrophage (D:7)
  3 scorpions
  A wight (Ossuary)
  2 bullfrog zombies (D:6)
  A centaur zombie (D:6)
  A bullfrog skeleton (D:6)
  4 hounds
  A centaur skeleton (D:6)
  2 iguanas
  A scorpion zombie (D:5)
  2 adders
  7 gnolls
  A river rat (D:4)
  A shadow imp (D:5)
  A white imp (D:8)
  4 worms (D:4)
  2 dart slugs
  6 orcs
  2 ball pythons
  6 endoplasms
  2 giant cockroaches (D:1)
  3 goblins
  3 hobgoblins
  A jackal (D:4)
  3 kobolds
  2 quokkas
  2 bats
  6 frilled lizards
  10 rats
88 creatures vanquished.

Vanquished Creatures (others)
  A two-headed ogre (D:5)
  A wraith (Ossuary)
  Edmund (D:7)
  An orc wizard (D:7)
4 creatures vanquished.

Grand Total: 148 creatures vanquished

Notes
Turn   | Place    | Note
-------+----------+-------------------------------------------
     0 | D:1      | sking99 the Octopode Summoner began the quest for the Orb.
     0 | D:1      | Reached XP level 1. HP: 11/11 MP: 3/3
   189 | D:1      | Reached XP level 2. HP: 17/17 MP: 3/5
   197 | D:1      | Learned a level 2 spell: Call Imp
   290 | D:1      | Found a faded altar of an unknown god.
   627 | D:1      | Reached XP level 3. HP: 21/21 MP: 2/6
   668 | D:1      | Learned a level 3 spell: Call Canine Familiar
  2347 | D:2      | Reached XP level 4. HP: 26/27 MP: 2/7
  2839 | D:3      | Reached skill level 1 in Fighting
  3334 | D:3      | Found a bloodstained altar of Trog.
  3544 | D:3      | Found a blossoming altar of Fedhas.
  3717 | D:3      | Reached XP level 5. HP: 31/33 MP: 4/8
  3968 | D:4      | Found Rass's Armour Boutique.
  4053 | D:4      | Reached skill level 5 in Summonings
  4102 | D:4      | Learned a level 3 spell: Summon Guardian Golem
  4170 | D:4      | Found a glowing drain.
  4188 | D:4      | Noticed Grinder
  4379 | D:4      | Killed Grinder
  4380 | D:4      | Reached skill level 1 in Hexes
  4380 | D:4      | Reached XP level 6. HP: 27/39 MP: 0/10
  4388 | Sewer    | Entered a sewer
  4468 | Sewer    | Reached XP level 7. HP: 33/45 MP: 11/11
  4571 | Sewer    | Noticed Pargi
  4583 | Sewer    | Killed Pargi
  4584 | Sewer    | Reached skill level 6 in Summonings
  5294 | D:5      | Entered Level 5 of the Dungeon
  5387 | D:5      | Found a broken altar of Ashenzari.
  5469 | D:5      | Noticed a two-headed ogre
  5480 | D:5      | Killed a two-headed ogre
  5481 | D:5      | Reached skill level 7 in Summonings
  5481 | D:5      | Reached XP level 8. HP: 54/54 MP: 3/14
  5661 | D:5      | Found a sand-covered staircase.
  5670 | Ossuary  | Entered an ossuary
  5784 | Ossuary  | Noticed a wraith
  5784 | Ossuary  | Noticed a flying skull
  5817 | Ossuary  | Noticed a flying skull
  5818 | Ossuary  | Noticed a flying skull
  5872 | Ossuary  | Noticed a flying skull
  5873 | Ossuary  | Noticed a wraith
  5889 | Ossuary  | Killed a wraith
  5890 | Ossuary  | Reached skill level 5 in Dodging
  5935 | Ossuary  | Noticed a wraith
  5991 | Ossuary  | Killed a wraith
  6103 | Ossuary  | Reached XP level 9. HP: 58/58 MP: 7/15
  6414 | D:5      | Reached skill level 8 in Summonings
  6476 | D:5      | Found a sparkling altar of Nemelex Xobeh.
  6476 | D:5      | Found a hazy altar of Hepliaklqana.
  7196 | D:6      | Noticed Maggie
  7223 | D:6      | Killed Maggie
  7224 | D:6      | Reached skill level 5 in Fighting
  7747 | D:6      | Found a staircase to the Ecumenical Temple.
  7759 | Temple   | Entered the Ecumenical Temple
  8050 | D:6      | Reached skill level 1 in Shields
  8253 | Temple   | Became a worshipper of Kikubaaqudgha
  8289 | D:7      | Found a runed translucent door.
  8290 | D:7      | Noticed Glaciallarry's ghost (novice DEFE)
  8381 | D:7      | Reached skill level 1 in Necromancy
  8450 | D:7      | Learned a level 3 spell: Vampiric Draining
  8452 | D:7      | Learned a level 1 spell: Animate Skeleton
  8492 | D:7      | Noticed Sigmund
  8510 | D:7      | Killed Sigmund
  8788 | D:7      | Reached XP level 10. HP: 68/68 MP: 12/16
  8996 | D:7      | Noticed Edmund
  9007 | D:7      | Killed Edmund
  9297 | D:8      | Noticed a centaur warrior
  9297 | D:8      | Noticed Maurice
  9315 | D:8      | Shot with an arrow by a centaur warrior

Illustrated notes

Levels and vault maps discovered:
D:1:      dpeg_arrival_ratfight, layout_basic,
          shapermc_ecumenical_altar_mp_vishouse, solitary_fountain,
          minmay_rat_gold_closets
D:2:      layout_basic, minmay_pentomino_u2
D:3:      layout_basic, fedhas_altar_4, mainiacjoe_overflow_brackets
D:4:      layout_gridville, cheibrodos_sewer_entry_sluice, serial_shops,
          shop_statue, uniq_grinder
D:5:      layout_basic, ashenzari_altar_1, grunt_temple_overflow_open,
          lightli_ossuary_entry_decrepit_ruins
D:6:      cheibrodos_helix_gallery, layout_loops_ring,
          minmay_temple_entry_glass, kennysheep_generic_room_16, uniq_maggie
D:7:      layout_loops_ring, ebering_ghost_reflecting_pool,
          sigmund_edmund_badplayer
D:8:      hangedman_cross_stitches, layout_loops_ring,
          mainiacjoe_overflow_catwalk, mainiacjoe_overflow_tiny_flanked,
          ebering_ghost_rock_garden, minmay_shop_grid_forest, uniq_maurice
Temple:   hc_temple_tempest_star

Skill      XL: |  1  2  3  4  5  6  7  8  9 |
---------------+----------------------------+-----
Stealth        | 3 |  3.2
Fighting       | 1 2 3 4 6 |  6.1
Summonings     | 5 7 8 |  8.0
Dodging        | 3 4 5 6 |  6.7
Spellcasting   | 3 4 |  4.5
Hexes          | 1 3 |  3.0
Shields        | 4 |  4.7
Necromancy     | 2 |  2.8

Action                   |  1- 3 |  4- 6 |  7- 9 | 10-12 || total
-------------------------+-------+-------+-------+-------++-------
Melee: Constrict         |     7 |    11 |    21 |       ||    39
       Unarmed           |     2 |       |       |       ||     2
       Dagger            |    23 |    44 |   104 |     5 ||   176
       Tentacles         |     4 |    11 |    31 |     1 ||    47
       Punch             |       |     1 |     4 |       ||     5
 Cast: Summon Small Mamm |    53 |    27 |    22 |     1 ||   103
       Call Imp          |    18 |    20 |    22 |     3 ||    63
       Call Canine Famil |       |     4 |    24 |     3 ||    31
       Summon Guardian G |       |       |    21 |     6 ||    27
  Use: Scroll            |       |     4 |     8 |       ||    12
       Potion            |       |       |     1 |       ||     1
 Stab: Sleeping          |     8 |     7 |    16 |       ||    31
       Distracted        |       |       |     1 |       ||     1
Armor: Skin              |     2 |     1 |    13 |       ||    16
Dodge: Dodged            |    16 |    26 |   110 |    16 ||   168
Block: Buckler           |       |       |     8 |     2 ||    10
